 Dungeon Crawl Stone Soup version 0.32-a0-86-g8db1b9f803 (webtiles) character file.

Game seed: 15209471714637806258

13539 cforsyth the Fighter (level 12, -4/148 HPs)
             Began as a Djinni Warper on Feb 5, 2024.
             Hit by a large rock thrown by a cyclops (21 damage)
             ... on level 12 of the Dungeon.
             The game lasted 00:29:17 (14990 turns).

cforsyth the Fighter (Djinni Warper)               Turns: 14990, Time: 00:29:17

Health: -4/148     AC: 22    Str:  9 (10) XL:     12   Next: 34%
Gold:   868        EV:  2    Int: 16 (19) God:
                   SH:  0    Dex: 13 (14)

rFire   . . .        F - +7 long sword of Honour {antimagic, rPois rF+ Stlth+}
rCold   + . .        (no shield)
rNeg    . . .        N - melded +0 steam dragon scales
rPois   ∞            (helmet currently unavailable)
rElec   .            I - melded +2 cloak
rCorr   .            i - melded +1 pair of gloves
SInv    .            (boots unavailable)
Will    +....        (no amulet)
Stlth   ++           y - +5 ring of evasion
HPRegen 0.44/turn    B - ring of ice
MPRegen 0.00/turn

%: infuse magic (-5 HP)
@: tree-form, corroded, hasted and slowed
A: stationary, stasis, torment immunity, boosted hp, sickness immunity, (fire
resistance 2), (cold vulnerability 1), float, innate caster, HP casting, extra
vitality 1
a: no special abilities


You were on level 12 of the Dungeon.
You were a tree.
You visited 1 branch of the dungeon, and saw 12 of its levels.

You collected 868 gold pieces.

Inventory:

Hand Weapons
 a - a +0 falchion
 f - a +1 heavy whip
 q - a +2 whip of freezing
 F - the +7 long sword of Honour (weapon) {antimagic, rPois rF+ Stlth+}
   (You found it on level 6 of the Dungeon)

   rF+:       It protects you from fire.
   rPois:     It protects you from poison Stlth+: It makes you more stealthy.
Missiles
 d - 5 darts of dispersal
 t - 10 poisoned darts
 K - 3 throwing nets
 Q - 2 curare-tipped darts
Armour
 b - a +0 leather armour
 i - a +1 pair of gloves (melded)
 I - a +2 cloak (melded)
 N - +0 steam dragon scales (melded)
Jewellery
 r - the ring of Ashenzari's Envy {*Corrode Will+ MP+9 Slay+6}
   (You took it off a hobgoblin on level 3 of the Dungeon)

   [ring of magical power]

   Slay+6:    It affects your accuracy & damage with ranged weapons and melee
   (+6).
   Will+:     It increases your willpower.
   MP+9:      It affects your magic capacity (+9).
   *Corrode:  It may corrode you when you take damage.
 y - a +5 ring of evasion (left branch)
 B - a ring of ice (right branch)
 C - a ring of fire
Wands
 v - a wand of polymorph (14)
 E - a wand of digging (4)
 O - a wand of paralysis (3)
Scrolls
 c - 4 scrolls of blinking
 k - a scroll of enchant armour
 p - 6 scrolls of teleportation
 D - a scroll of poison
 L - 2 scrolls of noise
 P - a scroll of brand weapon
Potions
 g - 3 potions of mutation
 m - 5 potions of attraction
 s - a potion of cancellation
 u - a potion of enlightenment
 z - 3 potions of might
 A - a potion of curing
 J - a potion of resistance
 M - a potion of brilliance


   Skills:
 + Level 13.9 Fighting
 - Level 1.7 Long Blades
 - Level 0.7 Throwing
 - Level 1.0 Armour
 - Level 2.1 Dodging
 + Level 10.9 Spellcasting
 + Level 10.9 Conjurations
 + Level 10.9 Hexes
   Level 0.0 Charms
 + Level 10.9 Summonings
 + Level 10.9 Necromancy
 + Level 10.9 Translocations
   Level 0.0 Transmutations
 + Level 10.9 Fire Magic
 + Level 10.9 Ice Magic
 + Level 10.9 Air Magic
 + Level 10.9 Earth Magic
 + Level 10.9 Alchemy


You knew the following spells:

 Your Spells              Type           Power      Damage    Failure   Level
a - Blink                 Tloc           86%        N/A       1%          2
b - Lesser Beckoning      Tloc           86%        N/A       1%          2
c - Teleport Other        Tloc           43%        N/A       1%          3
d - Manifold Assault      Tloc           43%        N/A       1%          4
e - Vhi's Electric Charg  Tloc/Air       86%        N/A       1%          4
f - Sting                 Conj/Alch      100%       1d9       1%          1
g - Mercury Vapours       Alch/Air       86%        N/A       1%          2
h - Searing Ray           Conj           86%        2d7       1%          2
i - Volatile Blastmotes   Fire/Tloc      86%        2d17      1%          3
j - Yara's Violent Unrav  Hex/Alch       21%        3d10      2%          5
Your spell library was empty.

Dungeon Overview and Level Annotations

Branches:
Dungeon (12/15)            Temple (0/1) D:6            Lair (0/5) D:11
    Orc (0/2) D:11

Altars:
Cheibriados
Dithmenos
Elyvilon
Makhleb
Nemelex Xobeh
Wu Jian

Shops:
D:10 (::

Annotations:
D:5 2 transporters, RockinRobin's ghost, novice OpSh
D:12 1 runed translucent door


Innate Abilities, Weirdness & Mutations

You are a tree.
Your roots penetrate the ground, keeping you stationary.
You cannot be teleported.
You are immune to unholy pain and torment.
Your maximum health is greatly increased.
Your equipment is partially melded.
You are immune to sickness and miasma.
You are immune to poison.
((Your flesh is very heat resistant. (rF++)))
((You are vulnerable to cold. (rC-)))
You float through the air rather than walking.
You learn spells naturally, not from books.
Your magical power is your life essence.
You have superior vitality. (+4 MHP)


Message History

The troll barely resists.
* * * LOW HITPOINT WARNING * * *
The troll bites you but does no damage.
The troll claws you but does no damage. x2
The acid dragon bites you but does no damage.
The acid dragon claws you but does no damage.
A cyclops comes into view.
Casting: Teleport Other (safe; 1% risk of failure)
Confirm with . or Enter, or press ? or * to list all spells.
Aiming: Teleport Other (safe; 1% risk of failure)
Press: ? - help, Shift-Dir - straight line, f/p - troll
Aim: a troll (moderately wounded, poisoned, chance to affect: 77%)
The troll looks slightly unstable.
* * * LOW HITPOINT WARNING * * *
The acid dragon disappears!
The troll bites you!
* * * LOW HITPOINT WARNING * * *
The troll claws you.
* * * LOW HITPOINT WARNING * * *
The troll claws you.
* * * LOW HITPOINT WARNING * * *
The troll bites you but does no damage. The troll claws you.
* * * LOW HITPOINT WARNING * * *
The troll claws you but does no damage.
Casting: Teleport Other (safe; 1% risk of failure)
Confirm with . or Enter, or press ? or * to list all spells.
Aiming: Teleport Other (safe; 1% risk of failure)
Press: ? - help, Shift-Dir - straight line, f - troll, p - troll
Aim: a troll (severely wounded, very poisoned, misshapen and mutated, chance to affect: 81%)
The troll looks slightly unstable.
* * * LOW HITPOINT WARNING * * *
The troll bites you but does no damage. The troll completely misses you.
The troll claws you but does no damage. The troll bites you but does no damage.
The troll claws you but does no damage. The troll claws you.
* * * LOW HITPOINT WARNING * * *
You feel better.
The troll disappears!
The troll bites you!
* * * LOW HITPOINT WARNING * * *
The troll barely misses you. The troll claws you.
* * * LOW HITPOINT WARNING * * *
You feel better.
The troll disappears!
The troll reappears nearby!
The cyclops throws a large rock.
The large rock hits you!!
You die...

.. >.# ###W###.# ..
...C°...### ..
#.........# ...
#.....$...# ...
..........# .e.
#..°..§†°.# ###+###
#...?.§♣..# #..$..#
#.........#### ###....#
#............###......#
#....°....##°...†######
#....°.°..########
#.T..°....# #....°°...#
###########


You could see a cyclops, a troll (poisoned, misshapen) and a wraith.

Vanquished Creatures
  2 manticores (D:12)
  4 centaur zombies (D:10)
  An unseen horror (D:11)
  4 centaur skeletons (D:10)
  2 komodo dragons (D:11)
  2 hellwings (D:10)
  5 trolls
  4 hornets
  A shadow (D:12)
  A spriggan (D:11)
  2 wraiths (D:11)
  6 yaks
  3 steam dragons
  A water moccasin (D:7)
  3 acid dragons
  4 orc warriors
  4 black bears
  5 centaurs
  An ogre (D:6)
  2 kobold brigands
  A phantom (D:5)
  A necrophage (D:11)
  4 bullfrogs
  A gnoll sergeant (D:8)
  A scorpion (D:5)
  9 wights
  19 killer bees
  An oklob sapling (D:6)
  7 howler monkeys
  An electric eel (D:12)
  12 orc priests
  3 jellies
  4 bombardier beetles
  2 hounds
  A sleepcap (D:5)
  A gnoll bouda (D:6)
  7 iguanas
  15 orc wizards
  9 gnolls
  6 adders
  6 shadow imps
  2 white imps
  A dart slug (D:1)
  35 orcs
  3 endoplasms
  A giant cockroach (D:2)
  5 goblins
  11 hobgoblins
  3 jackals (D:3)
  7 quokkas
  10 ball pythons
  3 bats (D:1)
  4 frilled lizards
  17 kobolds
  13 rats
283 creatures vanquished.

Vanquished Creatures (others)
  An orc (D:6)
1 creature vanquished.

Grand Total: 284 creatures vanquished

Notes
Turn   | Place    | Note
-------+----------+-------------------------------------------
     0 | D:1      | cforsyth the Djinni Warper began the quest for the Orb.
     0 | D:1      | cforsyth set off with the following spells memorised:
                  | Blink, Lesser Beckoning, Teleport Other, Manifold Assault,
                  | Vhi's Electric Charge.
     0 | D:1      | Reached XP level 1. HP: 18/18 MP: 0/0
   157 | D:1      | Reached XP level 2. HP: 21/23 MP: 0/0
   527 | D:1      | Reached XP level 3. HP: 29/29 MP: 0/0
   527 | D:1      | Learned a level 1 spell: Sting
   900 | D:2      | Reached skill level 3 in Fighting
  1338 | D:3      | Reached XP level 4. HP: 33/35 MP: 0/0
  1827 | D:3      | Identified the ring of Ashenzari's Envy {*Corrode Will+
                  | MP+9 Slay+6}
  1898 | D:3      | Reached XP level 5. HP: 37/41 MP: 0/0
  1898 | D:3      | Learned a level 2 spell: Mercury Vapours
  2545 | D:4      | Reached skill level 4 in Fighting
  2674 | D:3      | HP: 1/41 [something (2)]
  2681 | D:3      | Reached XP level 6. HP: 19/48 MP: 0/0
  3159 | D:5      | Entered Level 5 of the Dungeon
  3290 | D:5      | Found a transporter.
  3296 | D:5      | Noticed RockinRobin's ghost (novice OpSh)
  3299 | D:5      | Noticed a black bear
  3311 | D:5      | Killed a black bear
  3312 | D:5      | Reached skill level 5 in Fighting
  3387 | D:5      | Reached XP level 7. HP: 19/54 MP: 0/0
  3387 | D:5      | Learned a level 2 spell: Searing Ray
  3724 | D:5      | Reached skill level 5 in Spellcasting
  3724 | D:5      | Reached skill level 5 in Conjurations
  3724 | D:5      | Reached skill level 5 in Hexes
  3724 | D:5      | Reached skill level 5 in Summonings
  3724 | D:5      | Reached skill level 5 in Necromancy
  3724 | D:5      | Reached skill level 5 in Translocations
  3724 | D:5      | Reached skill level 5 in Fire Magic
  3724 | D:5      | Reached skill level 5 in Ice Magic
  3724 | D:5      | Reached skill level 5 in Air Magic
  3724 | D:5      | Reached skill level 5 in Earth Magic
  3724 | D:5      | Reached skill level 5 in Alchemy
  3861 | D:5      | Reached skill level 6 in Fighting
  3881 | D:5      | Found a transporter.
  3898 | D:5      | Reached XP level 8. HP: 13/61 MP: 0/0
  4468 | D:5      | Found a burning altar of Makhleb.
  4813 | D:6      | Reached skill level 7 in Fighting
  5618 | D:6      | Found a staircase to the Ecumenical Temple.
  5635 | D:6      | Reached XP level 9. HP: 62/70 MP: 0/0
  5635 | D:6      | Learned a level 3 spell: Volatile Blastmotes
  5815 | D:6      | Identified the +7 long sword of Honour {antimagic, rPois
                  | rF+ Stlth+}
  5885 | D:6      | Reached skill level 8 in Fighting
  6289 | D:7      | Noticed a hornet
  6300 | D:7      | Killed a hornet
  6345 | D:7      | Reached skill level 9 in Fighting
  7276 | D:7      | Found a shadowy altar of Dithmenos.
  7345 | D:7      | Found a sparkling altar of Nemelex Xobeh.
  7533 | D:8      | Noticed a hornet
  7545 | D:8      | Killed a hornet
  7546 | D:8      | Reached XP level 10. HP: 29/79 MP: 0/0
  7997 | D:8      | Found a snail-covered altar of Cheibriados.
  8032 | D:8      | Reached skill level 10 in Fighting
  8939 | D:8      | Found an ornate altar of the Wu Jian Council.
  8956 | D:8      | Found a white marble altar of Elyvilon.
  9209 | D:9      | Reached skill level 11 in Fighting
  9881 | D:9      | Noticed a boulder beetle
  9919 | D:10     | Entered Level 10 of the Dungeon
  9919 | D:10     | Found Qedyaf Hink's Book Shop.
  9919 | D:10     | Found Saeqiduq's Book Shop.
  9919 | D:10     | Found Lumeas's Weapon Shop.
  9955 | D:10     | Reached XP level 11. HP: 76/87 MP: 0/0
  9955 | D:10     | Learned a level 5 spell: Yara's Violent Unravelling
 10132 | D:10     | Reached skill level 12 in Fighting
 10530 | D:10     | Paralysed by a wight for 2 turns
 11135 | D:10     | Reached skill level 10 in Spellcasting
 11135 | D:10     | Reached skill level 10 in Conjurations
 11135 | D:10     | Reached skill level 10 in Hexes
 11135 | D:10     | Reached skill level 10 in Summonings
 11135 | D:10     | Reached skill level 10 in Necromancy
 11135 | D:10     | Reached skill level 10 in Translocations
 11135 | D:10     | Reached skill level 10 in Fire Magic
 11135 | D:10     | Reached skill level 10 in Ice Magic
 11135 | D:10     | Reached skill level 10 in Air Magic
 11135 | D:10     | Reached skill level 10 in Earth Magic
 11135 | D:10     | Reached skill level 10 in Alchemy
 12048 | D:11     | Identified the +9 plate armour of Nemelex Xobeh's Anger
                  | {Harm}
 12140 | D:11     | Reached skill level 13 in Fighting
 12892 | D:11     | Found a staircase to the Orcish Mines.
 13868 | D:11     | Reached XP level 12. HP: 61/98 MP: 0/0
 14037 | D:11     | Found a staircase to the Lair.
 14929 | D:12     | Found a runed translucent door.
 14990 | D:12     | Hit by a large rock thrown by a cyclops

Illustrated notes

Levels and vault maps discovered:
D:1:      dpeg_arrival_ratfight, layout_loops_cross
D:2:      layout_rooms, serial_bayou_pond_c
D:3:      layout_basic, hangedman_decor_opposing
D:4:      layout_rooms
D:5:      layout_loops_ring, lemuel_coloured_pillars_altar,
          gammafunk_ghost_stat_death, corexii_checkpoint
D:6:      minmay_spotlight, layout_cave_pools, minmay_temple_entry_oklob,
          serial_column_ruins, column_ruins_hut_water, column_ruins_open_tiny,
          column_ruins_columns_plus, column_ruins_open_tiny,
          column_ruins_grid_2, column_ruins_open_medium,
          minmay_misc_feat_ornament
D:7:      layout_loops_corners, grunt_dithmenos_smoke,
          nemelex_diamond_rough_becter
D:8:      layout_basic, amcnicky_altar_gilded, jmf_multi_god_temple2,
          david_defended_altar_orc
D:9:      layout_loops_ring, mainiacjoe_overflow_small_starburst,
          nzn_sisyphean_effort
D:10:     cheibrodos_grave_circle, layout_gridville, hangedman_decor_slide_cut,
          nicolae_shop_distant_corner_stores
D:11:     layout_loops_corners, lair_entry_dummy, hiddenorc1_lemuel,
          hangedman_stone_soup
D:12:     layout_basic, gauntlet_entry_generic,
          nicolae_guarded_unrand_storm_shield

Skill      XL: |  1  2  3  4  5  6  7  8  9 10 11 |
---------------+----------------------------------+-----
Spellcasting   | 3 4 5 6 7 9 10 | 10.9
Conjurations   | 3 4 5 6 7 9 10 | 10.9
Hexes          | 3 4 5 6 7 9 10 | 10.9
Summonings     | 3 4 5 6 7 9 10 | 10.9
Necromancy     | 3 4 5 6 7 9 10 | 10.9
Translocations | 3 4 5 6 7 9 10 | 10.9
Fire Magic     | 3 4 5 6 7 9 10 | 10.9
Ice Magic      | 3 4 5 6 7 9 10 | 10.9
Air Magic      | 3 4 5 6 7 9 10 | 10.9
Earth Magic    | 3 4 5 6 7 9 10 | 10.9
Alchemy        | 3 4 5 6 7 9 10 | 10.9
Fighting       | 3 4 5 6 7 9 11 13 | 13.9
Long Blades    | |  1.7
Throwing       | |  0.7
Armour         | |  1.0
Dodging        | |  2.1

Action                     |  1- 3 |  4- 6 |  7- 9 | 10-12 || total
---------------------------+-------+-------+-------+-------++-------
  Melee: Falchion          |    54 |       |       |       ||    54
         Punch             |     2 |       |       |       ||     2
         Whip              |       |    25 |       |       ||    25
         Long sword        |       |       |       |    10 ||    10
  Throw: Dart              |     2 |       |       |       ||     2
   Cast: Sting             |    52 |   104 |       |     1 ||   157
         Searing Ray       |       |       |    81 |   174 ||   255
         Volatile Blastmot |       |       |     7 |     7 ||    14
         Lesser Beckoning  |       |       |     1 |     1 ||     2
         Mercury Vapours   |       |       |       |    36 ||    36
         Teleport Other    |       |       |       |    20 ||    20
         Yara's Violent Un |       |       |       |    11 ||    11
         Blink             |       |       |       |     5 ||     5
  Evoke: Wand              |       |       |       |     8 ||     8
    Use: Potion            |       |     2 |       |     8 ||    10
         Scroll            |       |       |       |    21 ||    21
 Armour: Leather armour    |    45 |    52 |    67 |    26 ||   190
         Steam dragon scal |       |       |       |   270 ||   270
         Skin              |       |       |       |    75 ||    75
  Dodge: Dodged            |    67 |    53 |    79 |   374 ||   573

Table legend: (Time is in decaauts)
 A = Elapsed time spent in this place.
 B = Non-inter-level travel time spent in this place.
 C = Inter-level travel time spent in this place.
 D = Time resting spent in this place.
 E = Time spent auto-exploring this place.
 F = Levels seen in this place.
 G = Mean time per level.
                   A        B        C        D        E       F      G
               +--------+--------+--------+--------+--------+-----+--------+
         Total |  15015 |  14713 |    302 |   2710 |   9564 |  12 | 1251.2 |
       Dungeon |  15015 |  14713 |    302 |   2710 |   9564 |  12 | 1251.2 |
               +--------+--------+--------+--------+--------+-----+--------+

Top non-repeatable levels by time:
    D:10: 2692 daAuts
    D:11: 2111 daAuts
     D:5: 1784 daAuts
     D:8: 1568 daAuts
     D:3: 1340 daAuts
     D:7: 1205 daAuts
     D:6: 1105 daAuts
     D:9: 956 daAuts
     D:1: 792 daAuts
     D:4: 680 daAuts
     D:2: 515 daAuts
    D:12: 261 daAuts
